Map: Kairos Junction LE

Players

Mez - Winner!

  • Race: Terran Terran
  • League: Master
  • Spawn Location: 5:00

fazzi

  • Race: Protoss Protoss
  • League: Diamond
  • Spawn Location: 11:00

VOD

Have the link to the VOD?

Description

Time

  • Played on: July 31, 2019, 11:41 a.m.
  • Length: 8:46
Show
View Real Time Build Order
Export as new Build Order

Mez Terran - Winner!

Build Orders: Reaper Expand 

Get SALT Encoding   

  12  0:00  SCV  
  13  0:13  SCV  
  14  0:20  Supply Depot  
  14  0:27  SCV  
  15  0:41  SCV  
  16  0:43  Barracks  
  16  0:47  Refinery  
  16  0:54  SCV  
  17  1:06  SCV  
  18  1:19  SCV  
  19  1:31  Reaper  
  19  1:32  Orbital Command  
  20  1:46  Command Center  
  20  1:59  Bunker  
  20  2:00  SCV  
  21  2:10  Barracks  
  21  2:13  Barracks Reactor  
  21  2:18  Supply Depot  
  21  2:20  SCV  
  22  2:32  SCV  
  23  2:41  Barracks  
  23  2:45  SCV  
  24  2:55  Marine x2  
  24  2:57  SCV  
  24  2:58  Barracks Tech Lab  
  27  3:00  Orbital Command  
  27  3:09  SCV  
  28  3:13  Marine x2  
  28  3:19  Concussive Shells, Marauder  
  32  3:21  SCV  
  32  3:27  SCV  
  34  3:29  Marine  
  34  3:33  Supply Depot  
  34  3:34  SCV  
  36  3:36  Engineering Bay  
  36  3:39  SCV  
  37  3:41  Marine  
  37  3:42  Marine  
  37  3:44  Marauder  
  37  3:46  SCV  
  42  3:51  SCV  
  43  3:58  SCV  
  44  4:06  Marine x3  
  44  4:07  Marine  
  47  4:12  SCV x2  
  47  4:15  Supply Depot  
  47  4:16  Terran Infantry Weapons Level 1  
  49  4:17  Stimpack  
  49  4:26  Command Center  
  49  4:28  Marine  
  49  4:29  Marine x3  
  49  4:30  SCV  
  54  4:36  SCV  
  54  4:38  Supply Depot  
  55  4:41  Missile Turret  
  54  4:47  Factory  
  47  5:16  Marine  
  47  5:17  Marine x3  
  47  5:18  SCV x2  
  47  5:20  Refinery  
  50  5:21  Refinery  
  50  5:23  Supply Depot  
  50  5:24  Barracks  
  50  5:25  Barracks  
  50  5:30  SCV x2  
  50  5:32  Starport  
  50  5:34  Marine  
  53  5:37  Marine x3, Factory Reactor  
  53  5:40  Orbital Command  
  53  5:42  SCV x2  
  58  5:49  Refinery, Supply Depot  
  58  5:57  SCV x2  
  58  5:59  Marine x4  
  64  6:07  SCV  
  64  6:09  SCV x2  
  67  6:13  Barracks Reactor, Barracks Tech Lab  
  67  6:17  Marine  
  68  6:27  Medivac x2, Orbital Command  
  68  6:28  Marine x2  
  68  6:29  SCV x2  
  77  6:35  Marine x2  
  77  6:38  Combat Shield  
  78  6:41  Supply Depot  
  78  6:46  Marine  
  76  6:55  Marauder x2  
  76  6:58  Marine x2, Barracks Tech Lab  
  76  6:59  Marine, Medivac x2  
  87  7:10  Supply Depot  
  87  7:12  Supply Depot  
  87  7:14  Orbital Command  
  87  7:19  Marine x4, Marauder x3  
  97  7:23  Refinery  
  97  7:24  SCV x2  
  99  7:36  SCV x2, Marine  
  99  7:37  Marine x2, Medivac x2  
  101  7:40  Marauder  
  101  7:41  SCV  
  111  7:48  SCV x2  
  111  7:50  Marine, Marauder, Supply Depot  
  116  7:53  SCV, Supply Depot  
  116  7:58  Marine x3, Marauder  
  122  8:09  SCV x3  
  122  8:11  Marine  
  122  8:12  Marauder x2, Medivac  
  132  8:16  Marine  
  132  8:18  Armory  
  135  8:20  Marauder  
  135  8:21  Engineering Bay  
  131  8:33  SCV x2  
Show
View Real Time Build Order
Export as new Build Order

fazzi Protoss 

Build Orders: Blink Stalkers 

Get SALT Encoding   

  12  0:01  Probe  
  13  0:13  Probe  
  14  0:17  Pylon  
  14  0:24  Probe  
  15  0:32  Probe  
  15  0:41  Probe  
  16  0:44  Gateway  
  17  0:51  Probe  
  17  0:52  Assimilator  
  18  0:57  Assimilator  
  18  1:03  Probe  
  19  1:07  Pylon  
  19  1:15  Probe  
  20  1:25  Probe  
  20  1:31  Cybernetics Core  
  21  1:34  Probe  
  22  1:42  Probe  
  23  1:54  Probe  
  24  2:03  Stalker  
  24  2:09  Nexus  
  25  2:15  Warp Gate  
  25  2:24  Pylon  
  25  2:33  Sentry  
  25  2:34  Probe  
  28  2:46  Twilight Council  
  28  2:50  Probe  
  29  3:04  Blink  
  29  3:12  Gateway x2  
  29  3:20  Probe  
  29  3:21  Probe, Pylon  
  31  3:32  Probe  
  32  3:43  Robotics Facility  
  32  3:51  Probe  
  32  3:52  Probe  
  33  4:04  Probe x2  
  33  4:06  Pylon  
  34  4:15  Stalker  
  34  4:16  Stalker x2, Probe  
  41  4:18  Probe  
  42  4:28  Probe  
  42  4:30  Probe, Pylon  
  42  4:31  Observer  
  45  4:36  Pylon  
  45  4:40  Probe  
  45  4:43  Probe  
  41  4:55  Zealot x2, Stalker  
  35  5:15  Probe x2  
  35  5:18  Immortal  
  41  5:30  Probe x2  
  43  5:41  Probe x2  
  45  5:48  Sentry  
  45  5:49  Stalker x2  
  51  5:50  Probe x2  
  53  5:57  Observer  
  53  5:58  Probe x2  
  56  6:08  Probe x2, Pylon  
  58  6:15  Stalker  
  58  6:16  Pylon  
  58  6:17  Stalker  
  62  6:28  Observer  
  62  6:35  Forge  
  62  6:36  Templar Archives  
  60  6:59  Assimilator  
  60  7:00  Stalker x3, Assimilator  
  66  7:10  Gateway  
  66  7:12  Gateway  
  66  7:15  Gateway  
  66  7:17  Pylon  
  66  7:29  Pylon  
  66  7:36  Photon Cannon  
  66  7:38  Photon Cannon  
  66  7:39  Probe x2  
  66  7:40  Pylon  
  68  7:46  Stalker x3  
  74  7:51  Probe  
  74  7:52  Warp Prism  
  77  8:09  High Templar x2  
  77  8:10  Zealot  
  77  8:12  Stalker x2  
  87  8:14  Archon  
  77  8:28  Zealot  
  77  8:31  Zealot  
Tags
 
Add a new tag
Caveats
  • Supply blocks, unpowered buildings, or Contaminate may cause inaccurate times.
  • Supply counts are checked every 10 seconds.